 Dungeon Crawl Stone Soup version 0.25-a0-707-g603da076d2 (webtiles) character file.

Game seed: 17672239853242365798, levelgen mode: deterministic

73 sanka the Scratcher (level 4, 19/19 HPs)
             Began as a Felid Wanderer on Apr 4, 2020.
             Was an Initiate of Okawaru.
             Quit the game on level 3 of the Dungeon.
             The game lasted 00:05:02 (3342 turns).

sanka the Scratcher (Felid Wanderer)                Turns: 3342, Time: 00:05:03

Health: 19/19      AC:  1    Str:  9    XL:     4   Next: 8%
Magic:  5/5        EV: 15    Int: 13    God:    Okawaru [......]
Gold:   94         SH:  0    Dex: 16    Spells: 3/3 levels left
                                        Lives:  0   Deaths: 1

rFire    . . .     SeeInvis +     - Unarmed
rCold    . . .     Gourm    .   (shield unavailable)
rNeg     . . .     Faith    .   (armour unavailable)
rPois    .         Spirit   .   (helmet unavailable)
rElec    .         Reflect  .   (cloak unavailable)
rCorr    .         Harm     .   (gloves unavailable)
MR       .....                  (boots unavailable)
Stlth    ++........             (no amulet)
HPRegen  0.06/turn              (no ring)
MPRegen  0.09/turn              (no ring)

@: quick
A: very small, no armour, no weapons or thrown items, stealth, claws 1, fangs 3,
see invisible, carnivore, speed 1, shaggy fur 1, slow metabolism 1, sharp paws
a: Renounce Religion


You were on level 3 of the Dungeon.
You worshipped Okawaru.
Okawaru was noncommittal.
You were not hungry.

You visited 1 branch of the dungeon, and saw 3 of its levels.

You collected 94 gold pieces.


Innate Abilities, Weirdness & Mutations

You cannot wear armour.
You are incapable of wielding weapons or throwing items.
Your paws allow you to move quietly. (Stealth)
You have sharp claws.
You have razor-sharp teeth.
You have supernaturally acute eyesight. (SInv)
You are carnivorous and can eat meat at any time.
You cover ground quickly.
You are covered in fur. (AC +1)
You have a slow metabolism.
Your sharp claws are effective at attacking unaware monsters.


   Skills:
 - Level 2.0 Fighting
 - Level 1.3 Stealth
 * Level 7.8 Unarmed Combat
   Level 1.1 Evocations


You had 3 spell levels left.
You didn't know any spells.
Your spell library was empty.

Inventory:

Jewellery
 e - an uncursed ring of ice
Scrolls
 g - a scroll of amnesia
 j - a scroll of enchant armour {unknown}
Potions
 a - 2 potions of haste {@q3}
 b - a potion of heal wounds {@q2}
 d - a potion of lignification {!q}
 h - 2 potions of brilliance
 i - a potion of might
Comestibles
 f - 4 rations
 k - 3 chunks of flesh

Dungeon Overview and Level Annotations

Branches:
Dungeon (3/15)

Altars:
Okawaru

Annotations:
D:3 Ijyb

▒▒▒
..▒
▒.▒
▒.▒
▒h▒
▒.▒
...
▒▒..▒
...▒
...▒
...▒
▒▒..▒


There were no monsters in sight!


Message History

Ijyb hits you with a +0 dagger.
* * * LOW HITPOINT WARNING * * *
The hobgoblin hits you.
* * * LOW HITPOINT WARNING * * *
You barely miss Ijyb.
Ijyb is heavily wounded.
Ijyb barely misses you. The hobgoblin hits you.
* * * LOW HITPOINT WARNING * * *
The dart slug bites you.
* * * LOW HITPOINT WARNING * * *
Unknown command.
You scratch Ijyb but do no damage.
Ijyb is heavily wounded.
Ijyb zaps a wand.
You easily resist.
The hobgoblin hits you but does no damage.
The dart slug launches a dart at you. The slug dart hits you.
* * * LOW HITPOINT WARNING * * *
Ijyb hits you with a +0 dagger.
* * * LOW HITPOINT WARNING * * *
The hobgoblin hits you.
You die...
You are now level 4!
You rejoin the land of the living...
Found a ration.
Unknown command.
Unknown command.
Are you sure you want to abandon this character and quit the game? (Confirm with "yes".)

Action                   |  1- 3 |  4- 6 || total
-------------------------+-------+-------++-------
Melee: Unarmed           |    97 |    18 ||   115
       Bite              |     9 |     4 ||    13
       Punch             |     2 |     1 ||     3
  Use: Scroll            |     3 |       ||     3
       Potion            |     2 |     1 ||     3
 Stab: Sleeping          |     3 |     1 ||     4
  Eat: Chunk             |    10 |     2 ||    12
Armor: Skin              |     4 |     2 ||     6
Dodge: Dodged            |    67 |    13 ||    80

Levels and vault maps discovered:
D:1:      tarquinn_simple_flora_water_e, layout_basic,
          minmay_misc_feat_four_crosses
D:2:      layout_loops_corners, serial_bayou, serial_bayou_pond_b,
          serial_bayou_ford_a, serial_bayou_crossing, serial_bayou_lagoon_a,
          kennysheep_okawaru_gauntlet
D:3:      layout_basic, old_standard_altar, chequers_ecumenical_altar_simple,
          uniq_ijyb, uniq_crazy_yiuf_cottage, uniq_sigmund

Notes
Turn   | Place    | Note
-------+----------+-------------------------------------------
     0 | D:1      | sanka the Felid Wanderer began the quest for the Orb.
     0 | D:1      | sanka set off with the following items: a potion of haste
                  | {@q3}, a potion of heal wounds {@q2}, a potion of curing
                  | {@q1}, a potion of lignification {!q}, a ration
     0 | D:1      | Reached XP level 1. HP: 9/9 MP: 2/2
   231 | D:1      | Reached XP level 2. HP: 13/13 MP: 3/3
  1653 | D:2      | Reached XP level 3. HP: 13/16 MP: 4/4
  2039 | D:2      | Reached skill level 7 in Unarmed Combat
  2167 | D:2      | Found an iron altar of Okawaru.
  2334 | D:2      | Became a worshipper of Warmaster Okawaru
  2883 | D:2      | Noticed a centaur
  2895 | D:2      | Killed a centaur
  2895 | D:2      | Reached XP level 4. HP: 6/19 MP: 5/5
  2895 | D:2      | Reached XP level 5. HP: 7/22 MP: 6/6
  3326 | D:3      | Noticed Ijyb
  3341 | D:3      | Slain by a hobgoblin
  3342 | D:3      | Reached XP level 4. HP: 0/19 MP: 5/5
  3342 | D:3      | Quit the game

Vanquished Creatures
  A centaur (D:2)
  2 adders (D:2)
  3 worms (D:2)
  3 bats
  3 giant cockroaches
  5 goblins
  9 hobgoblins
  4 kobolds
  A quokka (D:2)
  2 frilled lizards (D:1)
  9 rats
42 creatures vanquished.
